 Dungeon Crawl Stone Soup version 0.30-a0-272-gf98c3da03f (webtiles) character file.

Game seed: 6749034528548510397

730 timneilson the Covered (level 7, -5/44 HPs)
             Began as a Gargoyle Fighter on Oct 15, 2022.
             Was an Initiate of Okawaru.
             Slain by an ogre
             ... wielding a +0 giant spiked club
              (15 damage)
             ... on level 5 of the Dungeon.
             The game lasted 00:08:21 (3587 turns).

timneilson the Covered (Gargoyle Fighter)           Turns: 3587, Time: 00:08:22

Health: -5/44      AC: 13    Str: 22    XL:     7   Next: 73%
Magic:  7/7        EV: 10    Int:  8    God:    Okawaru [......]
Gold:   247        SH:  6    Dex:  9    Spells: 6/6 levels left

rFire   . . .      SeeInvis .    a - +0 long sword
rCold   . . .      Faith    .    c - +1 buckler
rNeg    + . .      Spirit   .    b - +0 scale mail
rPois   ∞          Reflect  .    o - +0 helmet
rElec   +          Harm     .    (no cloak)
rCorr   .          Rampage  .    (no gloves)
Will    .....                    (no boots)
Stlth   ..........               (no amulet)
HPRegen 0.27/turn                (no ring)
MPRegen 0.10/turn                (no ring)

@: no status effects
A: sickness immunity, AC +4, negative energy resistance 1, electricity
resistance, torment resistance 1, petrification resistance
a: Renounce Religion


You were on level 5 of the Dungeon.
You worshipped Okawaru.
Okawaru was noncommittal.
You visited 2 branches of the dungeon, and saw 6 of its levels.

You collected 247 gold pieces.

Inventory:

Hand Weapons
 a - a +0 long sword (weapon)
Armour
 b - a +0 scale mail (worn)
 c - a +1 buckler (worn)
 o - a +0 helmet (worn)
Scrolls
 d - a scroll of enchant armour
 e - a scroll of silence
 g - 2 scrolls of teleportation {unknown}
 p - a scroll of magic mapping {unknown}
Potions
 f - a potion of flight {unknown}
 h - a potion of resistance {unknown}
 i - a potion of lignification {unknown}
 j - a potion of haste {unknown}
 k - 2 potions of brilliance
 l - a potion of magic {unknown}
 m - 2 potions of curing {unknown}
 n - a potion of degeneration {unknown}


   Skills:
 + Level 4.5 Fighting
 * Level 4.1 Long Blades
 * Level 5.5 Armour
 + Level 2.0 Dodging
 * Level 5.5 Shields
 + Level 0.9 Invocations


You had 6 spell levels left.
You didn't know any spells.
Your spell library was empty.

Dungeon Overview and Level Annotations

Branches:
Dungeon (5/15)             Temple (1/1) D:4

Altars:
Ashenzari
Cheibriados
Dithmenos
Elyvilon
Gozag
Hepliaklqana
Okawaru
Qazlal
Sif Muna
Wu Jian
Xom
Yredelemnul
Zin
The Shining One

Shops:
D:1 (


Innate Abilities, Weirdness & Mutations

You are immune to sickness and miasma.
Your stone body is resilient. (AC +4)
You are immune to poison.
You resist negative energy. (rN+)
You are resistant to electric shocks. (rElec)
You are resistant to unholy torment.
You are immune to petrification.


Message History

You hit the orc.
The orc is almost dead.
The orc closely misses you.
You hit the orc but do no damage.
The orc is almost dead.
The orc hits you but does no damage.
You barely miss the orc.
The orc is almost dead.
The orc hits you but does no damage.
You hit the orc.
You kill the orc!
Okawaru accepts your kill.
Items here: )))) ††.
Okay, then.
You open the door.
There is an open door here.
Found a club.
You see here a +0 club.
You open the door.
Found a stone staircase leading down.
There is an open door here.
You open the door.
There is an open door here.
An ogre comes into view. It is wielding a +0 giant spiked club.
The ogre shouts!
The ogre barely misses you.
You slash the ogre!
The ogre is moderately wounded.
You slash the ogre!
The ogre is heavily wounded.
The ogre hits you with a +0 giant spiked club!
You hit the ogre.
The ogre is severely wounded.
The ogre hits you with a +0 giant spiked club!!
Ouch! That really hurt!
* * * LOW HITPOINT WARNING * * *
You hit the ogre.
The ogre is severely wounded.
The ogre hits you with a +0 giant spiked club!
You die...

#.......#.#
#.#######.#
###.........#
.......#######.
.......'.......
.......##########
.........).......
######.###############
.....#.#........@O...#
####.#.#.####..####.##
...#.#.#.#.....#
...#.#.#.......#
...#.#.###.#####
...#.#.....#
...#.####### ...#.#
.....#


You could see an ogre.

Vanquished Creatures
  Sigmund (D:2)
  A black bear (D:3)
  The ghost of Darkkill the Shooter, an amateur HuHu (D:3)
  A phantom (D:4)
  A necrophage (D:5)
  A hound (D:4)
  Jessica (D:2)
  2 iguanas
  The ghost of freelancePsychic the Sneak, a weakling MiDe (D:3)
  Robin (D:2)
  7 adders
  A worm (D:2)
  3 dart slugs
  4 orcs (D:5)
  2 bats (D:2)
  2 endoplasms
  2 giant cockroaches
  18 goblins
  9 hobgoblins
  4 quokkas
  4 ball pythons
  2 frilled lizards
  8 kobolds
  2 rats (D:2)
79 creatures vanquished.

Notes
Turn   | Place    | Note
-------+----------+-------------------------------------------
     0 | D:1      | timneilson the Gargoyle Fighter began the quest for the
                  | Orb.
     0 | D:1      | Reached XP level 1. HP: 14/14 MP: 1/1
   178 | D:1      | Reached XP level 2. HP: 16/19 MP: 2/2
   247 | D:1      | Found Exumur's Antique Weapon Boutique.
   842 | D:1      | Reached XP level 3. HP: 21/23 MP: 3/3
   953 | D:2      | Noticed Sigmund
   962 | D:2      | Killed Sigmund
   963 | D:2      | Reached skill level 1 in Dodging
   963 | D:2      | Reached XP level 4. HP: 26/29 MP: 4/4
   963 | D:2      | Reached XP level 5. HP: 29/33 MP: 5/5
  1376 | D:2      | Noticed Robin
  1395 | D:2      | Killed Robin
  1396 | D:2      | Reached XP level 6. HP: 27/38 MP: 6/6
  1570 | D:2      | Noticed Jessica
  1582 | D:2      | Killed Jessica
  1837 | D:3      | Found a white marble altar of Elyvilon.
  1865 | D:3      | Noticed a black bear
  2074 | D:3      | Found a shimmering blue altar of Sif Muna.
  2088 | D:3      | Found a glowing silver altar of Zin.
  2117 | D:3      | Found a broken altar of Ashenzari.
  2206 | D:3      | Killed a black bear
  2548 | D:3      | Found a runed translucent gate.
  2548 | D:3      | Found a runed translucent gate.
  2550 | D:3      | Found a runed translucent gate.
  2552 | D:3      | Noticed Darkkill's ghost (amateur HuHu)
  2552 | D:3      | Noticed freelancePsychic's ghost (weakling MiDe)
  2586 | D:3      | Killed Darkkill's ghost
  2587 | D:3      | Reached skill level 5 in Armour
  2587 | D:3      | Reached skill level 5 in Shields
  2587 | D:3      | Reached XP level 7. HP: 22/43 MP: 7/7
  2619 | D:3      | Killed freelancePsychic's ghost
  2972 | D:4      | Found a staircase to the Ecumenical Temple.
  2982 | Temple   | Entered the Ecumenical Temple
  3016 | Temple   | Became a worshipper of Warmaster Okawaru
  3266 | D:4      | You fall into a shaft and drop 1 floor!
  3266 | D:5      | Entered Level 5 of the Dungeon
  3587 | D:5      | Slain by an ogre

Illustrated notes

Levels and vault maps discovered:
D:1:      wheals_arrival_shading, layout_loops_ring, serial_shops, shop,
          minmay_misc_feat_nine_boxes, minmay_hedge_maze, skrybe_limestone_x
D:2:      layout_loops_ring, uniq_sigmund, uniq_jessica, uniq_robin
D:3:      cheibrodos_old_hovel, layout_loops_ring, elyvilon_altar_1,
          grunt_temple_overflow_open, mainiacjoe_overflow_paths,
          gammafunk_ghost_cemetery
D:4:      layout_cave_pools, nicolae_vehumet_altar_sigil,
          minmay_temple_entry_overgrown
D:5:      layout_basic, makhleb_altar_promises_db,
          nicolae_ru_great_annihilating_truth, serial_shops,
          nicolae_shop_waterfront
Temple:   cyrus_temple_forest

Skill      XL: |  1  2  3  4  5  6  7 |
---------------+----------------------+-----
Long Blades    | 2 3 4 |  4.1
Armour         | 4 5 |  5.5
Dodging        | 1 2 |  2.0
Shields        | 4 5 |  5.5
Fighting       | 4 |  4.5
Invocations    | |  0.9

Action                   |  1- 3 |  4- 6 |  7- 9 || total
-------------------------+-------+-------+-------++-------
Melee: Long sword        |    81 |   213 |   178 ||   472
  Use: Scroll            |     3 |     3 |       ||     6
       Potion            |     1 |       |       ||     1
Armor: Scale mail        |    34 |   111 |   115 ||   260
Dodge: Dodged            |    27 |    89 |    94 ||   210
Block: Buckler           |    10 |    51 |    44 ||   105

Table legend: (Time is in decaauts)
 A = Elapsed time spent in this place.
 B = Non-inter-level travel time spent in this place.
 C = Inter-level travel time spent in this place.
 D = Time resting spent in this place.
 E = Time spent auto-exploring this place.
 F = Levels seen in this place.
 G = Mean time per level.
                   A        B        C        D        E       F      G
               +--------+--------+--------+--------+--------+-----+--------+
         Total |   3718 |   3551 |    167 |     81 |   2296 |   6 |  619.7 |
       Dungeon |   3622 |   3477 |    145 |     81 |   2260 |   5 |  724.4 |
        Temple |     95 |     73 |     22 |      0 |     36 |   1 |   95.0 |
               +--------+--------+--------+--------+--------+-----+--------+

Top non-repeatable levels by time:
     D:3: 1216 daAuts
     D:1: 946 daAuts
     D:2: 910 daAuts
     D:5: 330 daAuts
     D:4: 218 daAuts
  Temple: 95 daAuts
